 Dungeon Crawl Stone Soup version 0.30-b1-2-g02819fbbbe (webtiles) character file.

Game seed: 13849293073013712185

1163 emiel the Magician (level 8, 0/41 HPs)
             Began as a Kobold Earth Elementalist on Jan 8, 2024.
             Was an Initiate of Ru.
             Slain by an ice beast (14 damage)
             ... on level 6 of the Dungeon.
             The game lasted 00:06:04 (6259 turns).

emiel the Magician (Kobold Earth Elementalist)      Turns: 6259, Time: 00:06:05

Health: 0/41       AC:  2    Str:  6    XL:     8   Next: 67%
Magic:  9/26       EV: 15    Int: 18    God:    Ru [......]
Gold:   78         SH:  0    Dex: 15    Spells: 12/19 levels left

rFire   . . .        v - +3 dagger (flame)
rCold   . . .        (no shield)
rNeg    . . .        a - +0 robe
rPois   .            (no helmet)
rElec   .            (no cloak)
rCorr   .            (no gloves)
SInv    .            (no boots)
Will    +....        b - amulet of faith
Stlth   ++++         s - ring of willpower
HPRegen 0.26/turn    d - ring of magical power
MPRegen 0.20/turn

%: faith
@: very slightly contaminated, studying Translocations
A: small, no large weapons, nightstalker 3
a: Renounce Religion


You were on level 6 of the Dungeon.
You worshipped Ru.
Ru was noncommittal.
You visited 2 branches of the dungeon, and saw 7 of its levels.

You collected 210 gold pieces.
You spent 132 gold pieces at shops.

Inventory:

Hand Weapons
 v - a +3 dagger of flaming (weapon)
Missiles
 w - a throwing net
Armour
 a - a +0 robe (worn)
Jewellery
 b - an amulet of faith (around neck)
 d - a ring of magical power (right hand)
 s - a ring of willpower (left hand)
 x - a +4 ring of slaying
Scrolls
 c - 2 scrolls of teleportation
 h - a scroll of poison
 i - a scroll of vulnerability
 k - 5 scrolls of blinking
 p - 4 scrolls of enchant weapon
 y - a scroll of magic mapping
 A - 2 scrolls of noise
Potions
 e - a potion of resistance {unknown}
 f - 3 potions of lignification {unknown}
 g - 4 potions of curing
 l - a potion of degeneration {unknown}
 n - a potion of mutation
 r - 3 potions of heal wounds {unknown}
 t - 2 potions of haste {unknown}
 z - a potion of cancellation {unknown}
 B - a potion of brilliance {unknown}


   Skills:
 - Level 2.4 Dodging
 - Level 5.0 Stealth
 * Level 6.3 Spellcasting
 + Level 4.6 Conjurations
 - Level 1.0 Transmutations
 + Level 5.9 Earth Magic


You had 12 spell levels left.
You knew the following spells:

 Your Spells              Type           Power      Damage    Failure   Level
a - Sandblast             Erth           54%        2d13      1%          1
b - Stone Arrow           Conj/Erth      48%        3d10      4%          3
c - Mephitic Cloud        Conj/Pois/Air  11%        N/A       19%         3

Your spell library contained the following spells:

 Spells                   Type           Power      Damage    Failure   Level
 Magic Dart               Conj           88%        1d7       1%          1
 Passwall                 Tmut/Erth      15%        N/A       4%          2
 Necrotise                Necr           20%        1d5       12%         1
 Call Imp                 Summ           10%        N/A       17%         2
 Petrify                  Tmut/Erth      18%        N/A       28%         4
 Vampiric Draining        Necr           5%         2d6       34%         3
 Agony                    Necr           5%         N/A       97%         5


Dungeon Overview and Level Annotations

Branches:
Dungeon (6/15)             Temple (1/1) D:4

Altars:
Cheibriados
Fedhas
Gozag
Kikubaaqudgha
Makhleb
Ru
Sif Muna
Uskayaw
Vehumet
Yredelemnul
Zin
The Shining One

Shops:
D:3 *

Annotations:
D:3 Sigmund
D:5 exclusions: dart slug and gnoll
D:6 Menkaure


Innate Abilities, Weirdness & Mutations

You are small and have problems with some larger weapons.
You are completely attuned to the shadows.


Message History

Press: ? - help, Shift-Dir - straight line, f/p - black bear
Aim: a black bear (heavily wounded, 79% to hit)
The stone arrow hits the black bear!
The black bear is severely wounded.
Unknown command.
Casting: Stone Arrow (dangerous; 4% risk of failure)
Confirm with . or Enter, or press ? or * to list all spells.
Aiming: Stone Arrow (dangerous; 4% risk of failure)
Press: ? - help, Shift-Dir - straight line, f/p - black bear
Aim: a black bear (severely wounded, 79% to hit)
You miscast Stone Arrow.
You are very lightly contaminated with residual magic.
Nothing appears to happen.
The black bear goes berserk!
Unknown command.
Casting: Stone Arrow (dangerous; 4% risk of failure)
Confirm with . or Enter, or press ? or * to list all spells.
Aiming: Stone Arrow (dangerous; 4% risk of failure)
Press: ? - help, Shift-Dir - straight line, f/p - black bear
Aim: a black bear (severely wounded, berserk, 79% to hit)
The stone arrow hits the black bear!
You kill the black bear!
The ice beast hits you. The ice beast freezes you.
Unknown command.
Casting: Stone Arrow (dangerous; 4% risk of failure)
Confirm with . or Enter, or press ? or * to list all spells.
Aiming: Stone Arrow (dangerous; 4% risk of failure)
Press: ? - help, Shift-Dir - straight line, f - ice beast
Aim: an ice beast (71% to hit)
The stone arrow misses the ice beast.
The ice beast hits you. The ice beast freezes you!
Unknown command.
Casting: Stone Arrow (dangerous; 4% risk of failure)
Confirm with . or Enter, or press ? or * to list all spells.
Aiming: Stone Arrow (dangerous; 4% risk of failure)
Press: ? - help, Shift-Dir - straight line, f/p - ice beast
Aim: an ice beast (71% to hit)
The stone arrow hits the ice beast!
The ice beast is severely wounded.
The ice beast hits you. The ice beast freezes you!
You die...

## ..#
#..#
##†.[#
#@...#
#.Y.)#
#....#
......
....?.


You could see an ice beast.

Vanquished Creatures
  A black bear (D:6)
  An ogre (D:5)
  A centaur (D:5)
  2 phantoms (D:4)
  A kobold brigand (D:6)
  2 scorpions
  A water moccasin skeleton (D:4)
  A howler monkey (D:5)
  A centaur zombie (D:4)
  A hound (D:4)
  An orc priest (D:3)
  A bullfrog skeleton (D:4)
  A gnoll bouda (D:5)
  An orc wizard (D:3)
  2 scorpion zombies (D:4)
  A hound zombie (D:4)
  8 adders
  7 gnolls
  An adder zombie (D:4)
  2 adder skeletons (D:4)
  2 worms (D:3)
  12 orcs
  3 ball pythons
  7 endoplasms
  2 giant cockroaches
  11 goblins
  8 hobgoblins
  3 bats
  4 frilled lizards
  9 kobolds
  3 rats
101 creatures vanquished.

Vanquished Creatures (others)
  3 withered plants (D:4)
3 creatures vanquished.

Grand Total: 104 creatures vanquished

Notes
Turn   | Place    | Note
-------+----------+-------------------------------------------
     0 | D:1      | emiel the Kobold Earth Elementalist began the quest for the
                  | Orb.
     0 | D:1      | Reached XP level 1. HP: 10/10 MP: 3/3
   284 | D:1      | Reached XP level 2. HP: 15/15 MP: 1/5
   894 | D:1      | Reached XP level 3. HP: 19/19 MP: 5/7
   898 | D:1      | Learned a level 3 spell: Stone Arrow
  1816 | D:3      | Reached skill level 3 in Spellcasting
  1816 | D:3      | Reached skill level 1 in Conjurations
  1816 | D:3      | Reached XP level 4. HP: 24/24 MP: 6/8
  1889 | D:3      | Reached XP level 5. HP: 28/28 MP: 4/10
  2288 | D:3      | Found a burning altar of Makhleb.
  2368 | D:3      | Found Honkietu's Assorted Antiques.
  2379 | D:3      | Bought a sharpened bronze wand for 92 gold pieces
  2883 | D:3      | Noticed Sigmund
  3022 | D:4      | Reached XP level 6. HP: 22/32 MP: 8/11
  3182 | D:4      | Reached skill level 5 in Stealth
  3182 | D:4      | Reached skill level 4 in Spellcasting
  3279 | D:4      | Found a staircase to the Ecumenical Temple.
  3491 | D:4      | Reached XP level 7. HP: 34/36 MP: 8/13
  3667 | D:3      | Bought a fuming amethyst potion for 20 gold pieces
  3667 | D:3      | Bought a pink potion for 20 gold pieces
  4026 | D:4      | Reached skill level 5 in Earth Magic
  4225 | D:4      | Learned a level 3 spell: Mephitic Cloud
  4230 | Temple   | Entered the Ecumenical Temple
  4242 | Temple   | Became a worshipper of Ru the Awakened
  4425 | D:4      | Found a hide-covered altar of Uskayaw.
  4535 | D:4      | Reached skill level 5 in Spellcasting
  4716 | D:5      | Entered Level 5 of the Dungeon
  4756 | D:5      | Reached XP level 8. HP: 41/41 MP: 11/15
  5623 | D:5      | Found a blossoming altar of Fedhas.
  6008 | D:6      | Noticed Menkaure
  6124 | D:5      | Reached skill level 6 in Spellcasting
  6259 | D:6      | Slain by an ice beast

Illustrated notes

Levels and vault maps discovered:
D:1:      psy_arrival_radial01, layout_basic, chequers_mini_garden
D:2:      layout_loops_ring
D:3:      minmay_door_path, layout_basic, nicolae_overflow_crystal_walls,
          serial_shops, nicolae_shop_trees, uniq_sigmund
D:4:      layout_rooms, lemuel_doored_altar, minmay_temple_entry_arrows,
          serial_undead, serial_undead_e, serial_undead_d, serial_undead_b,
          serial_undead_d, grunt_ministairs_6
D:5:      layout_loops_cross, fedhas_altar_4
D:6:      layout_rooms, worldfamousw_hep_ancestral_shrine,
          gup_ossuary_entry_pyramid, serial_shops, shop,
          gammafunk_ghost_nasty_kobolds, uniq_grinder, uniq_menkaure
Temple:   lightli_temple_of_artemis

Skill      XL: |  1  2  3  4  5  6  7  8 |
---------------+-------------------------+-----
Stealth        | 3 4 5 |  5.0
Spellcasting   | 3 4 5 6 |  6.3
Conjurations   | 1 2 3 4 |  4.6
Earth Magic    | 4 5 |  5.9
Dodging        | |  2.4
Transmutations | |  1.0

Action                     |  1- 3 |  4- 6 |  7- 9 || total
---------------------------+-------+-------+-------++-------
  Melee: Dagger            |       |       |     1 ||     1
   Cast: Sandblast         |    43 |    75 |    42 ||   160
         Stone Arrow       |       |       |    43 ||    43
  Evoke: Wand              |       |     3 |       ||     3
    Use: Scroll            |     2 |     1 |    11 ||    14
         Potion            |       |     1 |     1 ||     2
 Armour: Robe              |       |     1 |     2 ||     3
  Dodge: Dodged            |     3 |    32 |    24 ||    59
